| TOP OF THE 1ST |
|
Bluefield Blue Jays batting - Pitching for Orem Owlz : LHP Paul Griffin
|
|
Pitching: LHP Paul Griffin
|
|
|
Batting: RHB Justin Geiger
|
0-0: Swinging Strike 0-1: Ball 1-1: Ground out 6-3 (Groundball, 6S, EV 83.8 MPH)
|
|
Batting: SHB Ryan Chicoine
|
0-0: Ball 1-0: Called Strike 1-1: Ball 2-1: Ball 3-1: SOLO HOME RUN (Flyball, 9LD, EV 93.1 MPH), Distance : 335 ft
|
|
Batting: RHB Taylor Peavey
|
0-0: Foul Ball, location: 2F 0-1: Ground out 3-1 (Groundball, 34, EV 83.8 MPH)
|
|
Batting: RHB Jordan Fairburn
|
0-0: Ball 1-0: Foul Ball, location: 2F 1-1: Ball 2-1: Ball 3-1: Ground out 4-3 (Groundball, 4MS, EV 76.2 MPH)
|
| Top of the 1st over - 1 run, 1 hit, 0 errors, 0 left on base; Bluefield 1 - Orem 0 |
| BOTTOM OF THE 1ST |
|
Orem Owlz batting - Pitching for Bluefield Blue Jays : LHP Jon Moore
|
|
Pitching: LHP Jon Moore
|
|
|
Batting: SHB Butch Brown
|
0-0: Ball 1-0: Called Strike 1-1: Ground out 4-3 (Groundball, 4, EV 86.9 MPH)
|
|
Batting: LHB Justin Alexander
|
0-0: Called Strike 0-1: Ball 1-1: Hit by Pitch
|
|
Batting: RHB Ryan Pelletier
|
0-0: Ball Justin Alexander steals 2nd base 1-0: Ground out 5-3 (Groundball, 56, EV 86.2 MPH)
|
|
Batting: RHB Mike Alm
|
0-0: Foul Ball, location: 2F 0-1: DOUBLE (Line Drive, 9LS, EV 105.0 MPH) Justin Alexander scores
|
|
Batting: LHB Brett Bugge
|
0-0: Ball 1-0: Called Strike 1-1: Fly out, F5 (Flyball, 5D, EV 86.9 MPH)
|
| Bottom of the 1st over - 1 run, 1 hit, 0 errors, 1 left on base; Bluefield 1 - Orem 1 |
| TOP OF THE 2ND |
|
Bluefield Blue Jays batting - Pitching for Orem Owlz : LHP Paul Griffin
|
|
Batting: SHB Jack Andrews
|
0-0: Ball 1-0: Ball 2-0: Called Strike 2-1: Foul Ball, location: 2F 2-2: Foul Ball, location: 2F 2-2: Foul Ball, location: 2F 2-2: Ball 3-2: Foul Ball, location: 2F 3-2: SINGLE (Groundball, P, EV 75.6 MPH) (infield hit)
|
|
Batting: RHB Mike Johnson
|
0-0: Called Strike 0-1: Ball 1-1: Called Strike 1-2: Fly out, F3 (Popup, 3SF, EV 73.1 MPH)
|
|
Batting: SHB Scott Robbins
|
0-0: Called Strike 0-1: Called Strike 0-2: Strikes out looking Jack Andrews steals 2nd base Batter strikes out.
|
|
Batting: RHB Tokuji Kawabata
|
0-0: Ball 1-0: Ball 2-0: Ball 3-0: Called Strike 3-1: Called Strike 3-2: Fly out, F8 (Flyball, 8RS, EV 85.0 MPH)
|
| Top of the 2nd over - 0 runs, 1 hit, 0 errors, 1 left on base; Bluefield 1 - Orem 1 |
| BOTTOM OF THE 2ND |
|
Orem Owlz batting - Pitching for Bluefield Blue Jays : LHP Jon Moore
|
|
Batting: RHB Danny Bjarnson
|
0-0: Ball 1-0: Ball 2-0: Swinging Strike 2-1: Called Strike 2-2: Strikes out swinging
|
|
Batting: RHB J.R. Roberts
|
0-0: Ground out 6-3 (Groundball, 6, EV 78.8 MPH)
|
|
Batting: RHB Kinya Nishimura
|
0-0: Ball 1-0: Called Strike 1-1: SINGLE (Groundball, 34D, EV 94.4 MPH)
|
|
Batting: RHB Malachi Ephron
|
0-0: Called Strike 0-1: Foul Ball, location: 2F 0-2: Ball 1-2: Ball 2-2: Strikes out swinging
|
| Bottom of the 2nd over - 0 runs, 1 hit, 0 errors, 1 left on base; Bluefield 1 - Orem 1 |
| TOP OF THE 3RD |
|
Bluefield Blue Jays batting - Pitching for Orem Owlz : LHP Paul Griffin
|
|
Batting: RHB Wade Diamond
|
0-0: Ball 1-0: Ball 2-0: Called Strike 2-1: Ball 3-1: Base on Balls
|
|
Batting: RHB Justin Geiger
|
0-0: Foul Ball, location: 2F 0-1: Ball 1-1: Ball 2-1: SINGLE (Groundball, 6MD, EV 96.9 MPH) Wade Diamond to second
|
|
Batting: SHB Ryan Chicoine
|
0-0: Ball 1-0: Ball 2-0: Ball 3-0: Base on Balls Wade Diamond to third Justin Geiger to second
|
|
Batting: RHB Taylor Peavey
|
0-0: Fly out, F7 (Flyball, 7, EV 81.9 MPH) Runner from 3rd tags up, SCORES, no throw by LF
|
|
Batting: RHB Jordan Fairburn
|
0-0: SINGLE (Line Drive, 9LM, EV 105.6 MPH) Justin Geiger to third Ryan Chicoine to second Runner from 3rd tries for Home, SAFE, throw by RF to home
|
|
Batting: SHB Jack Andrews
|
0-0: 3-RUN HOME RUN (Flyball, 7D, EV 96.9 MPH), Distance : 388 ft
|
|
Batting: RHB Mike Johnson
|
0-0: Ground out 6-3 (Groundball, 6, EV 77.5 MPH)
|
|
Batting: SHB Scott Robbins
|
0-0: Called Strike 0-1: Fly out, F4 (Popup, 4D, EV 68.1 MPH)
|
| Top of the 3rd over - 5 runs, 3 hits, 0 errors, 0 left on base; Bluefield 6 - Orem 1 |
| BOTTOM OF THE 3RD |
|
Orem Owlz batting - Pitching for Bluefield Blue Jays : LHP Jon Moore
|
|
Batting: SHB Butch Brown
|
0-0: Ball 1-0: Ball 2-0: Ball 3-0: Called Strike 3-1: Called Strike 3-2: Base on Balls
|
|
Batting: LHB Justin Alexander
|
0-0: Ball 1-0: Swinging Strike 1-1: Ball 2-1: Ball 3-1: Base on Balls Butch Brown to second
|
|
Batting: RHB Ryan Pelletier
|
0-0: Ball 1-0: Fielders Choice at 2nd, 6-4 (Groundball, 6, EV 82.5 MPH) Butch Brown to third
|
|
Batting: RHB Mike Alm
|
0-0: Ball 1-0: Foul Ball, location: 2F 1-1: Ground out 6-3 (Groundball, 6S, EV 67.5 MPH) Butch Brown scores Ryan Pelletier to second
|
|
Batting: LHB Brett Bugge
|
0-0: Ball 1-0: Ball 2-0: Called Strike 2-1: Ground out 1-3 (Groundball, 34S, EV 68.8 MPH)
|
| Bottom of the 3rd over - 1 run, 0 hits, 0 errors, 1 left on base; Bluefield 6 - Orem 2 |
| TOP OF THE 4TH |
|
Bluefield Blue Jays batting - Pitching for Orem Owlz : LHP Paul Griffin
|
|
Pitching: RHP Owen Prouty
|
|
|
Batting: RHB Tokuji Kawabata
|
0-0: Ball 1-0: Ball 2-0: Ball 3-0: Base on Balls
|
|
Batting: RHB Wade Diamond
|
0-0: Ball 1-0: Ball 2-0: Ball 3-0: Base on Balls Tokuji Kawabata to second
|
|
Batting: RHB Justin Geiger
|
0-0: Ball 1-0: Called Strike 1-1: Ball 2-1: DOUBLE (Line Drive, 9LS, EV 111.9 MPH) Tokuji Kawabata scores Wade Diamond to third Runner from 3rd tries for Home, SAFE, throw by RF to trailing runner, SAFE at third!
|
|
Batting: SHB Ryan Chicoine
|
0-0: Foul Ball, location: 2F 0-1: Ball 1-1: Ball 2-1: Foul Ball, location: 2F 2-2: Strikes out swinging
|
|
Batting: RHB Taylor Peavey
|
0-0: Ball 1-0: Fly out, F8 (Flyball, 8LM, EV 80.0 MPH) Runner from 3rd tags up, SCORES, throw by CF
|
|
Batting: RHB Jordan Fairburn
|
0-0: Called Strike 0-1: Swinging Strike 0-2: Ball 1-2: Strikes out swinging
|
| Top of the 4th over - 3 runs, 1 hit, 0 errors, 0 left on base; Bluefield 9 - Orem 2 |
| BOTTOM OF THE 4TH |
|
Orem Owlz batting - Pitching for Bluefield Blue Jays : LHP Jon Moore
|
|
Batting: RHB Danny Bjarnson
|
0-0: Swinging Strike 0-1: Foul Ball, location: 2F 0-2: Strikes out swinging
|
|
Batting: RHB J.R. Roberts
|
0-0: Ball 1-0: Ball 2-0: SOLO HOME RUN (Flyball, 7D, EV 98.8 MPH), Distance : 378 ft
|
|
Batting: RHB Kinya Nishimura
|
0-0: SINGLE (Groundball, 4MD, EV 100.0 MPH)
|
|
Batting: RHB Malachi Ephron
|
0-0: Foul Ball, location: 2F 0-1: Ball 1-1: Swinging Strike 1-2: Foul Ball, location: 2F 1-2: Strikes out swinging
|
|
Batting: SHB Butch Brown
|
0-0: Called Strike 0-1: Called Strike 0-2: Ball 1-2: Strikes out swinging
|
| Bottom of the 4th over - 1 run, 2 hits, 0 errors, 1 left on base; Bluefield 9 - Orem 3 |
| TOP OF THE 5TH |
|
Bluefield Blue Jays batting - Pitching for Orem Owlz : RHP Owen Prouty
|
|
Batting: SHB Jack Andrews
|
0-0: Ball 1-0: Ball 2-0: Called Strike 2-1: Ball 3-1: Base on Balls
|
|
Batting: RHB Mike Johnson
|
0-0: Ball 1-0: Ball 2-0: Ball 3-0: Called Strike 3-1: Ground out 5-3 (Groundball, 56, EV 100.6 MPH) Jack Andrews to second
|
|
Batting: SHB Scott Robbins
|
0-0: Called Strike Jack Andrews steals 3rd base 0-1: Foul Ball, location: 2F 0-2: Ball 1-2: DOUBLE (Line Drive, 9LS, EV 96.9 MPH) Jack Andrews scores
|
|
Batting: RHB Tokuji Kawabata
|
0-0: Foul Ball, location: 2F 0-1: SINGLE (Groundball, 6D, EV 101.9 MPH) Scott Robbins to third Throwing error, E7 Scott Robbins scores Tokuji Kawabata to second
|
|
Pitching: RHP Tim Anderson
|
|
|
Batting: RHB Wade Diamond
|
0-0: Foul Ball, location: 2F 0-1: Ball 1-1: SINGLE (Groundball, 6S, EV 67.5 MPH) (infield hit) Tokuji Kawabata to third
|
|
Batting: RHB Justin Geiger
|
0-0: Ball 1-0: Fielders Choice at 2nd, 4-6 (Groundball, 4, EV 89.4 MPH) Tokuji Kawabata scores
|
|
Batting: SHB Ryan Chicoine
|
0-0: DOUBLE (Line Drive, 5D, EV 96.2 MPH) Justin Geiger to third Runner from 3rd tries for Home, SAFE, throw by LF to home
|
|
Batting: RHB Taylor Peavey
|
0-0: Swinging Strike 0-1: Ball 1-1: Ball 2-1: Foul Ball, location: 2F 2-2: Fly out, F7 (Flyball, 7D, EV 101.2 MPH)
|
| Top of the 5th over - 4 runs, 4 hits, 1 error, 1 left on base; Bluefield 13 - Orem 3 |
| BOTTOM OF THE 5TH |
|
Orem Owlz batting - Pitching for Bluefield Blue Jays : LHP Jon Moore
|
|
Batting: LHB Justin Alexander
|
0-0: Foul Ball, location: 2F 0-1: Ball 1-1: Ball 2-1: SINGLE (Groundball, 4M, EV 106.2 MPH) (infield hit)
|
|
Batting: RHB Ryan Pelletier
|
0-0: Called Strike 0-1: Fielders Choice at 2nd, 3-6 (Groundball, 34S, EV 79.4 MPH)
|
|
Batting: RHB Mike Alm
|
0-0: Called Strike 0-1: Ball 1-1: Foul Ball, location: 2F 1-2: Strikes out swinging Ryan Pelletier steals 2nd base (no throw) Batter strikes out.
|
|
Batting: LHB Brett Bugge
|
0-0: Ground out 6-3 (Groundball, 6S, EV 77.5 MPH)
|
| Bottom of the 5th over - 0 runs, 1 hit, 0 errors, 1 left on base; Bluefield 13 - Orem 3 |
| TOP OF THE 6TH |
|
Bluefield Blue Jays batting - Pitching for Orem Owlz : RHP Tim Anderson
|
|
Batting: RHB Jordan Fairburn
|
0-0: Ball 1-0: Ball 2-0: Foul Ball, location: 2F 2-1: Swinging Strike 2-2: Strikes out looking
|
|
Batting: SHB Jack Andrews
|
0-0: Ball 1-0: Foul Ball, location: 2F 1-1: SINGLE (Flyball, 8RS, EV 95.6 MPH)
|
|
Batting: RHB Mike Johnson
|
0-0: Foul Ball, location: 2F 0-1: Ball 1-1: Ball 2-1: SINGLE (Groundball, 15S, EV 67.5 MPH) (infield hit) Jack Andrews to second
|
|
Batting: SHB Scott Robbins
|
0-0: Ball Wild Pitch! Jack Andrews to third Mike Johnson to second 1-0: Ground out 6-3 (Groundball, 6, EV 83.8 MPH) Jack Andrews scores
|
|
Batting: RHB Tokuji Kawabata
|
0-0: Ball 1-0: Called Strike 1-1: SINGLE (Line Drive, 89S, EV 96.2 MPH) Mike Johnson to third Runner from 3rd tries for Home, SAFE, throw by RF to home Tokuji Kawabata to second
|
|
Batting: RHB Wade Diamond
|
0-0: Swinging Strike 0-1: Foul Ball, location: 2F 0-2: Foul Ball, location: 2F 0-2: Strikes out looking
|
| Top of the 6th over - 2 runs, 3 hits, 0 errors, 1 left on base; Bluefield 15 - Orem 3 |
| BOTTOM OF THE 6TH |
|
Orem Owlz batting - Pitching for Bluefield Blue Jays : LHP Jon Moore
|
|
Batting: RHB Danny Bjarnson
|
0-0: Called Strike 0-1: Ball 1-1: DOUBLE (Line Drive, 9LD, EV 96.9 MPH)
|
|
Batting: RHB J.R. Roberts
|
0-0: Called Strike 0-1: Ball 1-1: Ball 2-1: Ball 3-1: SINGLE (Line Drive, 5D, EV 93.8 MPH) Danny Bjarnson to third Runner from 3rd tries for Home, SAFE, throw by LF to home
|
|
Batting: RHB Kinya Nishimura
|
0-0: Ball 1-0: Ball 2-0: Called Strike 2-1: Grounds into double play, 5-4-3 (Groundball, 5, EV 91.9 MPH)
|
|
Batting: RHB Malachi Ephron
|
0-0: Ball 1-0: Foul Ball, location: 2F 1-1: Ball 2-1: Ball 3-1: Base on Balls
|
|
Batting: SHB Butch Brown
|
0-0: Ball 1-0: Ball 2-0: Fly out, F8 (Flyball, 78M, EV 84.4 MPH)
|
| Bottom of the 6th over - 1 run, 2 hits, 0 errors, 1 left on base; Bluefield 15 - Orem 4 |
| TOP OF THE 7TH |
|
Bluefield Blue Jays batting - Pitching for Orem Owlz : RHP Tim Anderson
|
|
Batting: RHB Justin Geiger
|
0-0: Ground out 6-3 (Groundball, 6, EV 85.6 MPH)
|
|
Batting: SHB Ryan Chicoine
|
0-0: Swinging Strike 0-1: Ball 1-1: Ball 2-1: Foul Ball, location: 2F 2-2: Strikes out swinging
|
|
Batting: RHB Taylor Peavey
|
0-0: Ball 1-0: Swinging Strike 1-1: Ball 2-1: Ground out 5-3 (Groundball, 5, EV 100.6 MPH)
|
| Top of the 7th over - 0 runs, 0 hits, 0 errors, 0 left on base; Bluefield 15 - Orem 4 |
| BOTTOM OF THE 7TH |
|
Orem Owlz batting - Pitching for Bluefield Blue Jays : LHP Jon Moore
|
|
Batting: LHB Justin Alexander
|
0-0: Called Strike 0-1: SINGLE (Groundball, 4MD, EV 96.9 MPH)
|
|
Pinch Hitting: RHB Danny Guevara
|
0-0: Called Strike 0-1: Fielders Choice at 2nd, 6-4 (Groundball, 6S, EV 86.9 MPH)
|
|
Batting: RHB Mike Alm
|
0-0: Ball 1-0: Called Strike 1-1: Ball 2-1: Called Strike 2-2: SINGLE (Groundball, 56D, EV 102.5 MPH) Danny Guevara to second
|
|
Pitching: RHP Scott Olson
|
|
|
Batting: LHB Brett Bugge
|
0-0: Ball 1-0: DOUBLE (Flyball, 89D, EV 103.1 MPH) Danny Guevara scores Mike Alm to third
|
|
Batting: RHB Danny Bjarnson
|
0-0: Ball 1-0: Swinging Strike 1-1: Ball 2-1: Called Strike 2-2: Ball 3-2: Ground out 4-3 (Groundball, 4, EV 107.5 MPH) Mike Alm scores Brett Bugge to third
|
|
Batting: RHB J.R. Roberts
|
0-0: Ball 1-0: Fly out, F9 (Flyball, 9LD, EV 88.1 MPH)
|
| Bottom of the 7th over - 2 runs, 3 hits, 0 errors, 1 left on base; Bluefield 15 - Orem 6 |
| TOP OF THE 8TH |
|
Bluefield Blue Jays batting - Pitching for Orem Owlz : RHP Tim Anderson
|
|
Pitching: RHP Ed Raleigh
|
|
|
Now at 2B: Danny Guevara
|
|
|
Pinch Hitting: RHB Gary Wilson
|
0-0: Ball 1-0: Called Strike 1-1: Fly out, F9 (Line Drive, 9, EV 101.2 MPH)
|
|
Batting: SHB Jack Andrews
|
0-0: Ball 1-0: Swinging Strike 1-1: Ground out 4-3 (Groundball, 4, EV 103.1 MPH)
|
|
Pinch Hitting: RHB Carlos Bravo
|
0-0: SINGLE (Groundball, 6MD, EV 96.2 MPH)
|
|
Pinch Hitting: RHB David Cooper
|
0-0: Called Strike 0-1: Ball 1-1: Ball 2-1: Fly out, F7 (Flyball, 7S, EV 73.1 MPH)
|
| Top of the 8th over - 0 runs, 1 hit, 0 errors, 1 left on base; Bluefield 15 - Orem 6 |
| BOTTOM OF THE 8TH |
|
Orem Owlz batting - Pitching for Bluefield Blue Jays : RHP Scott Olson
|
|
Now at 2B: Gary Wilson
|
|
|
Now in LF: Carlos Bravo
|
|
|
Now in RF: Rich Cracchiolo
|
|
|
Batting: RHB Kinya Nishimura
|
0-0: Ball 1-0: Called Strike 1-1: Ball 2-1: Ball 3-1: Fly out, F7 (Flyball, 78M, EV 94.4 MPH)
|
|
Pinch Hitting: LHB Nick Isaac
|
0-0: Ball 1-0: Ball 2-0: Ball 3-0: Called Strike 3-1: Called Strike 3-2: DOUBLE (Line Drive, 78D, EV 108.1 MPH)
|
|
Batting: SHB Butch Brown
|
0-0: Ball 1-0: Ball 2-0: Ball 3-0: Base on Balls
|
|
Batting: LHB Justin Alexander
|
0-0: Foul Ball, location: 2F 0-1: Ball 1-1: Foul Ball, location: 2F 1-2: Strikes out looking
|
|
Pinch Hitting: SHB Winikeneke Keikemamake
|
0-0: Ball 1-0: Ball 2-0: Called Strike 2-1: Ball 3-1: Base on Balls Nick Isaac to third Butch Brown to second
|
|
Batting: RHB Mike Alm
|
0-0: Ball 1-0: Ball 2-0: Foul Ball, location: 2F 2-1: Foul Ball, location: 2F 2-2: Ball 3-2: Foul Ball, location: 2F 3-2: Ground out 1-3 (Groundball, 34S, EV 68.8 MPH)
|
| Bottom of the 8th over - 0 runs, 1 hit, 0 errors, 3 left on base; Bluefield 15 - Orem 6 |
| TOP OF THE 9TH |
|
Bluefield Blue Jays batting - Pitching for Orem Owlz : RHP Ed Raleigh
|
|
Now at 2B: Winikeneke Keikemamake
|
|
|
Now in LF: Luis Garcia
|
|
|
Now in RF: Justin Alexander
|
|
|
Batting: RHB Tokuji Kawabata
|
0-0: Called Strike 0-1: Called Strike 0-2: Foul Ball, location: 2F 0-2: Ground out 6-3 (Groundball, 6M, EV 104.4 MPH)
|
|
Batting: RHB Wade Diamond
|
0-0: Ball 1-0: Foul Ball, location: 2F 1-1: Swinging Strike 1-2: Foul Ball, location: 2F 1-2: Ball 2-2: Strikes out swinging
|
|
Batting: RHB Justin Geiger
|
0-0: Fly out, F8 (Line Drive, 8LM, EV 109.4 MPH)
|
| Top of the 9th over - 0 runs, 0 hits, 0 errors, 0 left on base; Bluefield 15 - Orem 6 |
| BOTTOM OF THE 9TH |
|
Orem Owlz batting - Pitching for Bluefield Blue Jays : RHP Scott Olson
|
|
Batting: LHB Brett Bugge
|
0-0: Called Strike 0-1: Ball 1-1: Ball 2-1: Ground out 5-3 (Groundball, 5D, EV 96.2 MPH)
|
|
Batting: RHB Danny Bjarnson
|
0-0: Ball 1-0: Called Strike 1-1: Ball 2-1: Ground out 4-3 (Groundball, 4, EV 106.9 MPH)
|
|
Batting: RHB J.R. Roberts
|
0-0: Ball 1-0: Ball 2-0: Ball 3-0: Base on Balls
|
|
Batting: RHB Kinya Nishimura
|
0-0: Called Strike 0-1: Ball 1-1: Reached on error, E5 (Groundball, 56, EV 85.0 MPH) J.R. Roberts to second
|
|
Batting: RHB Luis Garcia
|
0-0: Foul Ball, location: 2F 0-1: Ball 1-1: Called Strike 1-2: Ball 2-2: Strikes out swinging, 2-3 out at first.
|
| Bottom of the 9th over - 0 runs, 0 hits, 1 error, 2 left on base; Bluefield 15 - Orem 6 |
|